 Dungeon Sprint DCSS version 0.26-a0-720-g2a1d101370 (webtiles) character file.

Game seed: 14449903743219203731

325752 mhtbhm the Minotaur Barricade (level 19, -57/207 HPs)
             Began as a Minotaur Fighter on Nov 3, 2020.
             Was an Initiate of Gozag.
             Killed from afar by an orb of fire (99 damage)
             ... with a fireball
             ... in the Dungeon (Sprint IX: "|||||||||||||||||||||||||||||").
             The game lasted 00:20:05 (12454 turns).

mhtbhm the Minotaur Barricade (Minotaur Fighter)   Turns: 12454, Time: 00:20:06

Health: -57/207    AC: 44    Str: 30    XL:     19   Next: 38%
Magic:  18/18      EV: 23    Int:  5    God:    Gozag
Gold:   33869      SH: 41    Dex: 11    Spells: 18/18 levels left

rFire    . . .     SeeInvis +   a - +3 demon trident (freeze)
rCold    + . .     Faith    .   c - +8 tower shield
rNeg     . . .     Spirit   .   b - +27 Lear's hauberk
rPois    +         Reflect  +   (helmet currently unavailable)
rElec    +         Harm     .   (no cloak)
rCorr    .         Rampage  .   (gloves currently unavailable)
MR       +++++     NoTele   +   (boots currently unavailable)
Stlth    ++++++....             D - amulet of Zaunisouz {Reflect rPois rC+ SH+5}
HPRegen  0.44/turn              u - ring "Tineq" {Fire rElec MR+++ Str-2}
MPRegen  0.16/turn              B - ring "Soesitun" {Ice *Drain MR+ Str+6 SInv}

@: gold aura
A: retaliatory headbutt, horns 2, weak 1
}: 5/17 runes: decaying, serpentine, barnacled, silver, gossamer
a: Potion Petition, Call Merchant, Bribe Branch, Renounce Religion


You were in the Dungeon.
You worshipped Gozag.
Gozag was extremely pleased with you.
You visited 1 branch You collected 40291 gold pieces.
You spent 1774 gold pieces at shops.
You paid 4648 gold pieces to Gozag.

Inventory:

Hand Weapons
 a - a +3 demon trident of freezing (weapon)
 z - a +9 double sword of holy wrath
Missiles
 w - 3 throwing nets (quivered)
 y - 70 javelins
 C - 34 silver javelins
Armour
 b - the +27 Lear's hauberk (worn)
   (You found it in the Dungeon)
 c - a +8 tower shield (worn)
Jewellery
 p - the amulet "Pax Dan" {Spirit rN+ Int+3}
   (You found it in the Dungeon)

   [amulet of guardian spirit]

   It causes incoming damage to be split between your health and magic.
   It affects your intelligence (+3).
   It protects you from negative energy.
 u - the ring "Tineq" (left hand) {Fire rElec MR+++ Str-2}
   (You bought it in a shop in the Dungeon)

   [ring of fire]

   It enhances your fire magic.
   It affects your strength (-2).
   It protects you from fire.
   It makes you vulnerable to cold.
   It insulates you from electricity.
   It affects your resistance to hostile enchantments.
 x - an uncursed ring of see invisible
 B - the ring "Soesitun" (right hand) {Ice *Drain MR+ Str+6 SInv}
   (You found it in the Dungeon)

   [ring of ice]

   It enhances your ice magic.
   It affects your strength (+6).
   It makes you vulnerable to fire.
   It protects you from cold.
   It affects your resistance to hostile enchantments.
   It lets you see invisible.
   It causes draining when unequipped.
 D - the amulet of Zaunisouz (around neck) {Reflect rPois rC+ SH+5}
   (You bought it in a shop in the Dungeon)

   [amulet of reflection]

   It shields you and reflects attacks.
   It protects you from cold.
   It protects you from poison.
   It affects your SH (+5).
 E - a +6 ring of strength
 G - the amulet of Awko {Faith rF- rC+ MR++ Dex-2}
   (You found it in the Dungeon)

   [amulet of faith]

   It allows you to gain divine favour quickly.
   It affects your dexterity (-2).
   It makes you vulnerable to fire.
   It protects you from cold.
   It affects your resistance to hostile enchantments.
 H - the ring "Areimoda" {rC+ Dex+5}
   (You found it in the Dungeon)

   [ring of protection from cold]

   It affects your dexterity (+5).
   It protects you from cold.
 I - the amulet of Gerinturr {RegenMP *Corrode +Fly rPois Dex+5}
   (You found it in the Dungeon)

   [amulet of magic regeneration]

   It increases your magic regeneration.
   It affects your dexterity (+5).
   It protects you from poison.
   It lets you fly.
   It may corrode you when you take damage.
Wands
 m - a wand of iceblast (8)
 v - a wand of polymorph (7)
Scrolls
 j - 4 scrolls of blinking
 k - 12 scrolls of remove curse
 l - 2 scrolls of amnesia
 o - a scroll of identify
 t - 3 scrolls of fog
 F - a scroll of acquirement {unknown}
 K - 3 scrolls of enchant armour
 L - a scroll of fear
Potions
 d - 4 potions of stabbing
 e - 5 potions of curing
 f - 8 potions of heal wounds
 g - 6 potions of haste
 h - 10 potions of magic
 i - 2 potions of resistance
 n - 4 potions of brilliance
 q - a potion of flight {unknown}
 r - 3 potions of mutation
 A - 2 potions of cancellation {unknown}
 J - a potion of berserk rage


   Skills:
 O Level 27 Fighting
 O Level 27 Long Blades
 O Level 27 Polearms
 O Level 27 Armour
 O Level 27 Dodging
 O Level 27 Stealth
 O Level 27 Shields
 + Level 7.3 Evocations


You had 18 spell levels left.
You didn't know any spells.
Your spell library contained the following spells:

 Spells                   Type           Power        Failure   Level
 Sandblast                Erth           #.....       71%         1
 Passwall                 Tmut/Erth      #.......     85%         2
 Stone Arrow              Conj/Erth      #.....       97%         3
 Petrify                  Tmut/Erth      #.......     100%        4
 Irradiate                Conj/Tmut      #.........   100%        5
 Lee's Rapid Deconstruct  Erth           #.........   100%        5
 Hydra Form               Tmut           #.........   100%        6
 Statue Form              Tmut/Erth      #........    100%        6
 Dragon Form              Tmut           #.........   100%        7


Dungeon Overview and Level Annotations

Branches:
Dungeon (1/1)

Altars:
Cheibriados
Dithmenos
Elyvilon
Fedhas
Gozag
Hepliaklqana
Kikubaaqudgha
Makhleb
Nemelex Xobeh
Okawaru
Qazlal
Ru
Sif Muna
Trog
Uskayaw
Vehumet
Wu Jian
Xom
Yredelemnul
Zin
The Shining One
Beogh
Jiyva
Lugonu

Shops:
D (*[*:[**=


Innate Abilities, Weirdness & Mutations

You reflexively headbutt those who attack you in melee.
You have a pair of horns on your head.
You are weak. (Str -2)


Message History

You headbutt the orb of fire.
The orb of fire is almost destroyed.
You miss the orb of fire.
The orb of fire is almost destroyed.
You miss the orb of fire.
The orb of fire is almost destroyed.
The orb of fire glows red.
The bolt of fire hits you!!!
* * * LOW HITPOINT WARNING * * *
You puncture the orb of fire! You freeze the orb of fire.
The orb of fire is almost destroyed.
You completely miss the orb of fire.
You headbutt the orb of fire, but do no damage.
The orb of fire is almost destroyed.
Your Lear's hauberk prevents you from hitting the orb of fire.
The orb of fire is almost destroyed.
The orb of fire glows deep purple.
The fireball explodes!
The fireball engulfs you!!!!
You die...
Your body crumbles into a pile of gold.

▓▓▓▓▓▓▓▓▓▓▓▓▓▓▓▓▓▓▓▓
......)........'@*.+
▓▓▓▓▓▓▓▓▓▓▓▓▓▓▓▓▓▓▓▓▓▓▓▓▓▓▓▓▓▓▓▓▓
.................................
▓▓▓▓▓▓▓▓▓▓▓▓▓▓▓▓▓▓▓▓▓▓▓▓▓▓▓▓▓▓▓▓▓
))))........').)))..'.......)'[).
▓▓▓▓▓▓▓▓▓▓▓▓▓▓▓▓▓▓▓▓▓▓▓▓▓▓▓▓▓▓▓▓▓
..........(..(...)..........○....
▓▓▓▓▓▓▓▓▓▓▓▓▓▓▓▓▓▓▓▓▓▓▓▓▓▓▓▓▓▓▓▓▓
......)))))))...[[[[[[[..........


You could see an orb of fire.

Vanquished Creatures
  Mara (D)
  An ancient lich (D)
  Mennas (D)
  A juggernaut (D)
  Frederick (D)
  Boris (D)
  Xtahua (D)
  Margery (D)
  A curse toe (D)
  Nikola (D)
  3 golden dragons (D)
  Jory (D)
  A lich (D)
  An electric golem (D)
  3 tentacled monstrosities (D)
  15 Orb Guardians (D)
  4 quicksilver dragons (D)
  2 death cobs (D)
  A sphinx (D)
  Agnes (D)
  A tengu reaver (D)
  A storm dragon (D)
  Gastronok (D)
  3 thorn hunters (D)
  6 shadow dragons (D)
  6 nagarajas (D)
  A draconian monk (D)
  2 fire giants (D)
  Ilsuiw (D)
  2 draconian knights (D)
  Louise (D)
  A ghost moth (D)
  2 vault wardens (D)
  3 draconian stormcallers (D)
  3 draconian shifters (D)
  6 emperor scorpions (D)
  2 draconian scorchers (D)
  2 draconian annihilators (D)
  2 very ugly things (D)
  5 ironheart preservers (D)
  6 stone giants (D)
  2 entropy weavers (D)
  2 black draconians (D)
  Nessos (D)
  A spark wasp (D)
  4 yellow draconians (D)
  4 white draconians (D)
  3 red draconians (D)
  3 ettins (D)
  Snorg (D)
  3 yaktaur captains (D)
  4 fire dragons (D)
  6 merfolk javelineers (D)
  3 merfolk impalers (D)
  2 great orbs of eyes (D)
  4 ice dragons (D)
  Harold (D)
  2 boulder beetles (D)
  25 vault guards (D)
  6 hydras (D)
  2 naga warriors (D)
  A centaur warrior (D)
  5 ogre magi (D)
  2 merfolk avatars (D)
  A death knight (D)
  An anaconda (D)
  A tengu warrior (D)
  2 merfolk aquamancers (D)
  6 two-headed ogres (D)
  2 deep troll earth magi (D)
  A deep troll shaman (D)
  A spriggan berserker (D)
  An alligator (D)
  A vampire mage (D)
  3 hell knights (D)
  A shock serpent (D)
  A naga sharpshooter (D)
  A shadow wraith (D)
  2 sea snakes (D)
  Nergalle (D)
  An unseen horror (D)
  7 swamp dragons (D)
  A spriggan druid (D)
  An unseen horror (shapeshifter) (D)
  A flayed ghost (D)
  2 lindwurms (D)
  A necromancer (D)
  2 ironbrand convokers (D)
  A naga ritualist (D)
  A deep elf archer (D)
  3 orc knights (D)
  2 orb spiders (D)
  A salamander (D)
  2 ugly things (D)
  2 orc sorcerers (D)
  9 moths of wrath (D)
  2 cyclopes (D)
  Joseph (D)
  3 vault sentinels (D)
  4 black mambas (D)
  2 merfolk sirens (D)
  2 guardian serpents (D)
  4 naga magi (D)
  4 cane toads (D)
  2 freezing wraiths (D)
  5 yaktaurs (D)
  2 komodo dragons (D)
  A yaktaur (shapeshifter) (D)
  An efreet (D)
  A tengu conjurer (D)
  3 demonic crawlers (D)
  2 jumping spiders (D)
  A troll (D)
  A merfolk (D)
  4 hornets (D)
  A raiju (shapeshifter) (D)
  3 tyrant leeches (D)
  3 blink frogs (D)
  A bog body (D)
  2 snapping turtles (D)
  2 redbacks (D)
  A wraith (D)
  A wyvern (D)
  A spriggan (D)
  A hog (shapeshifter) (D)
  Grum (D)
  A vampire mosquito (D)
  A soldier ant (D)
  A naga (D)
  A water moccasin (D)
  A floating eye (D)
  10 orc warriors (D)
  An ice beast (D)
  An eye of draining (D)
  A black bear (D)
  2 wolves (D)
  7 ogres (D)
  A big kobold (D)
  4 bullfrogs (D)
  A killer bee (D)
  A hound (D)
  5 orc priests (D)
  A jelly (D)
  An iguana (D)
  4 orc wizards (D)
  A worker ant (D)
  2 adder skeletons (D)
  4 worms (D)
  An adder simulacrum (D)
  4 orcs (D)
  A hobgoblin (D)
  2 bats (D)
  2 frilled lizards (D)
  A jackal skeleton (D)
  A jackal zombie (D)
  A rat (D)
376 creatures vanquished.

Vanquished Creatures (others)
  An unseen horror (D)
1 creature vanquished.

Grand Total: 377 creatures vanquished

Notes
Turn   | Place    | Note
-------+----------+-------------------------------------------
     0 | D        | mhtbhm the Minotaur Fighter began the quest for the Orb.
     0 | D        | Reached XP level 1. HP: 19/19 MP: 0/0
    80 | D        | Noticed a hound
    80 | D        | Noticed an iguana
    80 | D        | Noticed an ice beast
    90 | D        | Killed a hound
    90 | D        | Reached skill level 5 in Fighting
    90 | D        | Reached skill level 5 in Armour
    90 | D        | Reached skill level 5 in Shields
    90 | D        | Reached XP level 2. HP: 19/29 MP: 1/1
    90 | D        | Reached XP level 3. HP: 24/36 MP: 2/2
   101 | D        | Killed an ice beast
   101 | D        | Reached skill level 1 in Dodging
   101 | D        | Reached XP level 4. HP: 14/47 MP: 3/3
   101 | D        | Reached XP level 5. HP: 16/52 MP: 4/4
   111 | D        | Found a roughly hewn altar of Beogh.
   111 | D        | Found a snail-covered altar of Cheibriados.
   111 | D        | Found a shadowy altar of Dithmenos.
   111 | D        | Found a white marble altar of Elyvilon.
   111 | D        | Found a blossoming altar of Fedhas.
   111 | D        | Found an opulent altar of Gozag.
   112 | D        | Found a hazy altar of Hepliaklqana.
   113 | D        | Found a viscous altar of Jiyva.
   114 | D        | Found an ancient bone altar of Kikubaaqudgha.
   115 | D        | Found a corrupted altar of Lugonu.
   116 | D        | Found a burning altar of Makhleb.
   117 | D        | Found a sparkling altar of Nemelex Xobeh.
   118 | D        | Found an iron altar of Okawaru.
   119 | D        | Found a stormy altar of Qazlal.
   120 | D        | Found a sacrificial altar of Ru.
   121 | D        | Found a shimmering blue altar of Sif Muna.
   122 | D        | Found a bloodstained altar of Trog.
   123 | D        | Found a hide-covered altar of Uskayaw.
   124 | D        | Found a radiant altar of Vehumet.
   125 | D        | Found an ornate altar of the Wu Jian Council.
   141 | D        | Became a worshipper of Gozag Ym Sagoz the Greedy
   337 | D        | Found a shimmering altar of Xom.
   338 | D        | Found a basalt altar of Yredelemnul.
   339 | D        | Found a glowing silver altar of Zin.
   340 | D        | Found a glowing golden altar of the Shining One.
   394 | D        | Noticed an ogre
   394 | D        | Noticed an eye of draining
   394 | D        | Noticed a troll
   404 | D        | Reached skill level 5 in Polearms
   414 | D        | Killed an ogre
   414 | D        | Reached XP level 6. HP: 33/61 MP: 0/5
   429 | D        | Reached skill level 10 in Armour
   438 | D        | Killed a troll
   438 | D        | Reached skill level 10 in Shields
   438 | D        | Reached XP level 7. HP: 25/70 MP: 1/6
   655 | D        | Noticed a tengu conjurer
   655 | D        | Noticed a wraith
   670 | D        | Killed a tengu conjurer
   670 | D        | Reached skill level 10 in Polearms
   680 | D        | Killed a wraith
   680 | D        | Reached skill level 10 in Fighting
   680 | D        | Reached XP level 8. HP: 70/79 MP: 7/7
   702 | D        | Reached skill level 1 in Stealth
   931 | D        | Noticed a five-headed hydra
   931 | D        | Noticed a cane toad
   931 | D        | Noticed a black mamba
   931 | D        | Noticed a blink frog
   933 | D        | Noticed a five-headed hydra
   940 | D        | Killed a five-headed hydra
   943 | D        | Killed a cane toad
   943 | D        | Reached XP level 9. HP: 41/89 MP: 8/8
   944 | D        | Noticed a black mamba
   953 | D        | Killed a five-headed hydra
   953 | D        | Reached skill level 5 in Dodging
   954 | D        | Killed a black mamba
   967 | D        | Killed a black mamba
   979 | D        | Reached XP level 10. HP: 37/97 MP: 9/9
  1216 | D        | Noticed a cane toad
  1216 | D        | Noticed a boulder beetle
  1224 | D        | Killed a cane toad
  1250 | D        | Reached skill level 15 in Polearms
  1260 | D        | Reached skill level 15 in Shields
  1496 | D        | Killed a boulder beetle
  1533 | D        | Noticed a lindwurm
  1573 | D        | Noticed a lindwurm
  1574 | D        | Killed a lindwurm
  1587 | D        | Killed a lindwurm
  1872 | D        | Noticed Joseph
  1891 | D        | Killed Joseph
  2016 | D        | Reached XP level 11. HP: 103/108 MP: 10/10
  2183 | D        | Noticed an orc sorcerer
  2183 | D        | Noticed an orc knight
  2183 | D        | Noticed an orc sorcerer
  2189 | D        | Killed an orc sorcerer
  2199 | D        | Killed an orc knight
  2213 | D        | Killed an orc sorcerer
  2376 | D        | Found Gueraipe's Antique Armour Emporium.
  2376 | D        | Noticed a two-headed ogre
  2376 | D        | Noticed a two-headed ogre
  2376 | D        | Noticed a two-headed ogre
  2376 | D        | Noticed a two-headed ogre
  2384 | D        | Killed a two-headed ogre
  2384 | D        | Reached skill level 15 in Fighting
  2391 | D        | Killed a two-headed ogre
  2398 | D        | Noticed a two-headed ogre
  2399 | D        | Killed a two-headed ogre
  2406 | D        | Killed a two-headed ogre
  2420 | D        | Killed a two-headed ogre
  2448 | D        | Found Joch's Assorted Antiques.
  2452 | D        | Found Vugiptut's Book Emporium.
  2455 | D        | Found Musasm's Antique Armour Shoppe.
  2455 | D        | Noticed a two-headed ogre
  2457 | D        | Noticed an ogre mage
  2470 | D        | Killed a two-headed ogre
  2496 | D        | Killed an ogre mage
  2541 | D        | Bought a shiny kite shield for 157 gold pieces
  2548 | D        | Bought a scroll of enchant weapon for 142 gold pieces
  2640 | D        | Noticed Grum
  2656 | D        | Killed Grum
  2680 | D        | Noticed Harold
  2696 | D        | Killed Harold
  2696 | D        | Reached XP level 12. HP: 113/124 MP: 11/11
  2747 | D        | Found the +27 Lear's hauberk
  2817 | D        | Noticed a centaur warrior
  2837 | D        | Killed a centaur warrior
  2846 | D        | Noticed a fire dragon
  2858 | D        | Noticed a brown very ugly thing
  2859 | D        | Noticed a brown very ugly thing
  2874 | D        | Killed a fire dragon
  2891 | D        | Killed a white very ugly thing
  2901 | D        | Killed a white very ugly thing
  2905 | D        | Reached skill level 5 in Stealth
  2922 | D        | Noticed a stone giant
  2935 | D        | Killed a stone giant
  2954 | D        | Noticed a stone giant
  2976 | D        | Killed a stone giant
  3120 | D        | Noticed Gastronok
  3138 | D        | Killed Gastronok
  3209 | D        | Noticed an alligator
  3209 | D        | Noticed a thorn hunter
  3209 | D        | Noticed a thorn hunter
  3218 | D        | Killed an alligator
  3219 | D        | Noticed a thorn hunter
  3241 | D        | Killed a thorn hunter
  3241 | D        | Reached skill level 15 in Armour
  3258 | D        | Killed a thorn hunter
  3258 | D        | Reached XP level 13. HP: 104/137 MP: 12/12
  3303 | D        | Killed a thorn hunter
  3615 | D        | Reached skill level 10 in Dodging
  4008 | D        | Bought a clouded marble ring for 165 gold pieces
  4009 | D        | Identified the ring "Tineq" {Fire rElec MR+++ Str-2} (You
                  | bought it in a shop in the Dungeon)
  4425 | D        | Noticed an entropy weaver
  4575 | D        | Killed an entropy weaver
  4720 | D        | Noticed a merfolk javelineer
  4806 | D        | Killed a merfolk javelineer
  5233 | D        | Noticed Snorg
  5250 | D        | Killed Snorg
  5432 | D        | Noticed a stone giant
  5432 | D        | Noticed an ettin
  5440 | D        | Killed a stone giant
  5449 | D        | Noticed a spark wasp
  5462 | D        | Killed an ettin
  5471 | D        | Reached XP level 14. HP: 132/149 MP: 13/13
  5527 | D        | Noticed a lich
  5577 | D        | Killed a lich
  5736 | D        | Bought a +4 double sword of holy wrath for 539 gold pieces
  5738 | D        | Noticed a vault warden
  5738 | D        | Noticed an ironheart preserver
  5766 | D        | Killed a vault warden
  5778 | D        | Killed an ironheart preserver
  5796 | D        | Noticed an ironheart preserver
  5847 | D        | Killed an ironheart preserver
  6112 | D        | Noticed an ironheart preserver
  6128 | D        | Killed an ironheart preserver
  6134 | D        | Noticed a sphinx
  6134 | D        | Noticed an Orb Guardian
  6150 | D        | Killed an Orb Guardian
  6165 | D        | Killed a sphinx
  6512 | D        | Noticed Mara
  6537 | D        | Noticed mhtbhm's illusion
  6543 | D        | Noticed mhtbhm's illusion
  6608 | D        | Noticed mhtbhm's illusion
  6616 | D        | Noticed mhtbhm's illusion
  6622 | D        | Noticed mhtbhm's illusion
  6625 | D        | Killed Mara
  6625 | D        | Reached XP level 15. HP: 44/166 MP: 14/14
  7149 | D        | Noticed Margery
  7163 | D        | Killed Margery
  7181 | D        | Reached skill level 1 in Evocations
  7354 | D        | Noticed Frederick
  7374 | D        | Killed Frederick
  7464 | D        | Reached skill level 27 in Shields
  7534 | D        | Got a decaying rune of Zot
  8032 | D        | Noticed Ilsuiw
  8068 | D        | Killed Ilsuiw
  8126 | D        | Got a barnacled rune of Zot
  8201 | D        | Noticed a nagaraja
  8201 | D        | Noticed a nagaraja
  8202 | D        | Noticed a nagaraja
  8212 | D        | Noticed a nagaraja
  8219 | D        | Killed a nagaraja
  8220 | D        | Noticed a nagaraja
  8566 | D        | Bought the amulet of Zaunisouz {Reflect rPois rC+ SH+5} for
                  | 771 gold pieces
  8606 | D        | Killed a nagaraja
  8629 | D        | Killed a nagaraja
  8629 | D        | Reached skill level 27 in Fighting
  8629 | D        | Reached XP level 16. HP: 164/183 MP: 15/15
  8677 | D        | Reached skill level 27 in Polearms
  8786 | D        | Got a serpentine rune of Zot
  8860 | D        | Reached skill level 15 in Dodging
  8886 | D        | Reached skill level 10 in Stealth
  8958 | D        | Got a gossamer rune of Zot
  8986 | D        | Noticed Agnes
  9006 | D        | Killed Agnes
  9012 | D        | Noticed Louise
  9031 | D        | Killed Louise
  9122 | D        | Noticed Boris
  9130 | D        | Killed Boris
  9154 | D        | Noticed Nikola
  9164 | D        | Killed Nikola
  9400 | D        | Noticed a storm dragon
  9400 | D        | Noticed a golden dragon
  9418 | D        | Killed a storm dragon
  9418 | D        | Reached XP level 17. HP: 184/191 MP: 16/16
  9442 | D        | Killed a golden dragon
  9477 | D        | Reached skill level 27 in Armour
  9478 | D        | Reached skill level 15 in Stealth
  9829 | D        | Noticed a quicksilver dragon
  9829 | D        | Identified the +2 robe "Asirr" {Str+3}
  9833 | D        | Noticed a tentacled monstrosity
  9856 | D        | Noticed a golden dragon
  9931 | D        | Killed a tentacled monstrosity
  9968 | D        | Killed a golden dragon
 10013 | D        | Killed a quicksilver dragon
 10124 | D        | Got a silver rune of Zot
 10313 | D        | Noticed Nergalle
 10330 | D        | Killed Nergalle
 10333 | D        | Noticed Mennas
 10374 | D        | Killed Mennas
 10463 | D        | Got the amulet "Pax Dan" {Spirit rN+ Int+3}
 10465 | D        | Got the ring "Soesitun" {Ice *Drain MR+ Str+6 SInv}
 10467 | D        | Got the amulet of Awko {Faith rF- rC+ MR++ Dex-2}
 10469 | D        | Got the ring "Areimoda" {rC+ Dex+5}
 10471 | D        | Got the amulet of Gerinturr {RegenMP *Corrode +Fly rPois
                  | Dex+5}
 10595 | D        | Noticed Xtahua
 10611 | D        | Killed Xtahua
 10617 | D        | Noticed Nessos
 10622 | D        | Killed Nessos
 10643 | D        | Noticed Jory
 10662 | D        | Killed Jory
 10810 | D        | Paralysed by a floating eye for 2 turns
 10814 | D        | Noticed a juggernaut
 10819 | D        | Paralysed by a floating eye for 2 turns
 10833 | D        | Killed a juggernaut
 11092 | D        | Reached XP level 18. HP: 169/200 MP: 17/17
 11354 | D        | Noticed a tentacled monstrosity
 11383 | D        | Killed a tentacled monstrosity
 11398 | D        | Noticed a tentacled monstrosity
 11425 | D        | Killed a tentacled monstrosity
 11425 | D        | Reached skill level 27 in Dodging
 11530 | D        | Noticed an electric golem
 11554 | D        | Killed an electric golem
 11719 | D        | Noticed a curse toe
 11733 | D        | Killed a curse toe
 11733 | D        | Reached skill level 5 in Long Blades
 11766 | D        | Reached skill level 27 in Stealth
 11770 | D        | Reached skill level 10 in Long Blades
 11968 | D        | Noticed an Orb Guardian
 11968 | D        | Noticed an Orb Guardian
 11968 | D        | Noticed an Orb Guardian
 11968 | D        | Noticed an Orb Guardian
 11968 | D        | Noticed an Orb Guardian
 11968 | D        | Noticed an Orb Guardian
 11969 | D        | Killed an Orb Guardian
 11970 | D        | Noticed an Orb Guardian
 11976 | D        | Killed an Orb Guardian
 11976 | D        | Reached skill level 15 in Long Blades
 11977 | D        | Noticed an Orb Guardian
 11981 | D        | Killed an Orb Guardian
 11995 | D        | Killed an Orb Guardian
 12006 | D        | Killed an Orb Guardian
 12006 | D        | Reached skill level 5 in Evocations
 12008 | D        | Killed an Orb Guardian
 12016 | D        | Killed an Orb Guardian
 12016 | D        | Reached XP level 19. HP: 175/207 MP: 18/18
 12179 | D        | Noticed a golden dragon
 12239 | D        | Killed a golden dragon
 12434 | D        | Noticed an ancient lich
 12436 | D        | Killed an ancient lich
 12436 | D        | Reached skill level 27 in Long Blades
 12439 | D        | Noticed an orb of fire
 12439 | D        | Gained mutation: You are weak. (Str -2) [an orb of fire]
 12454 | D        | Killed from afar by an orb of fire

Illustrated notes

Levels and vault maps discovered:
D:        linesprint [early_d, line_temple, items_1, d_10, items_2, lair_1,
          lair_end, items_3, orc_1, orc_end, items_4, d_15, swamp_1, shoals_1,
          snake_1, spider_1, d_20, vaults_1, items_5, swamp_end, shoals_end,
          snake_end, spider_end, vaults_end, d_27, items_6, zot_1, zot_end,
          crypt_end, forest_end, elf_end, slime_end, tomb_end, abyss_end,
          pan_hell_end]

Skill      XL: |  1  2  3  4  5  6  7  8  9 10 11 12 13 14 15 16 17 18 19 |
---------------+----------------------------------------------------------+-----
Fighting       | 5 7 8 9 10 11 12 13 16 19 20 23 27 | 27.0
Armour         | 5 7 9 10 11 12 13 14 15 16 17 19 26 27 | 27.0
Shields        | 5 7 8 10 11 12 14 16 18 20 23 26 27 | 27.0
Polearms       | 3 4 6 9 10 13 14 16 18 19 21 23 26 27 | 27.0
Dodging        | 1 2 3 4 5 7 8 9 10 11 13 19 25 27 | 27.0
Stealth        | 2 3 4 6 7 8 9 13 21 27 | 27.0
Evocations     | 1 3 5 7 |  7.3
Long Blades    | 19 27 | 27.0

Action                   |  1- 3 |  4- 6 |  7- 9 | 10-12 | 13-15 | 16-18 | 19-21 || total
-------------------------+-------+-------+-------+-------+-------+-------+-------++-------
Melee: Trident           |    35 |    42 |    93 |   578 |   806 |       |       ||  1554
       Headbutt          |     2 |    12 |    20 |   166 |   215 |   251 |    32 ||   698
       Demon trident     |       |       |       |       |   240 |   932 |   119 ||  1291
Invok: Call Merchant     |       |       |       |       |     4 |     1 |       ||     5
       Potion Petition   |       |       |       |       |     1 |       |       ||     1
Evoke: Wand              |       |       |       |       |     1 |     1 |       ||     2
  Use: Potion            |     1 |     1 |     1 |       |     7 |     1 |       ||    11
       Scroll            |       |       |       |       |     2 |    10 |       ||    12
 Stab: Distracted        |       |       |     1 |     4 |     7 |    22 |     3 ||    37
       Sleeping          |       |       |       |       |       |     4 |     2 ||     6
Armor: Scale mail        |    15 |     6 |    16 |    15 |       |       |       ||    52
       Chain mail        |       |       |       |    32 |   229 |   116 |    10 ||   387
Dodge: Dodged            |     7 |    14 |    31 |    86 |   178 |   135 |     7 ||   458
Block: Kite shield       |    10 |    26 |    41 |   159 |   458 |   275 |       ||   969
       Reflection        |       |       |       |       |     1 |    14 |       ||    15
       Tower shield      |       |       |       |       |       |   357 |    68 ||   425

Table legend: (Time is in decaauts) A = Elapsed time spent in this place. B = Non-inter-level travel time spent in this place. C = Inter-level travel time spent in this place. D = Time resting spent in this place. E = Time spent auto-exploring this place. F = Levels seen in this place. G = Mean time per level. A B C D E F G +--------+--------+--------+--------+--------+-----+--------+ Total | 11362 | 11362 | 0 | 5661 | 785 | 1 | 11362.0 | Dungeon | 11362 | 11362 | 0 | 5661 | 785 | 1 | 11362.0 | +--------+--------+--------+--------+--------+-----+--------+

Top non-repeatable levels by time:
       D: 11362 daAuts
